 Dungeon Crawl Stone Soup version 0.18-a0-1164-g7046a04 (webtiles) character file.

65 ithil the Sneak (level 3, -1/29 HPs)
             Began as a Centaur Assassin on Jan 14, 2016.
             Slain by an orc
             ... wielding a +0 flail
              (9 damage)
             ... on level 4 of the Dungeon on Jan 25, 2016.
             The game lasted 00:09:53 (1645 turns).

ithil the Sneak (Centaur Assassin)                  Turns: 1645, Time: 00:09:53

Health: -1/29      AC:  7    Str: 13    XL:     3   Next: 92%
Magic:  3/3        EV:  9    Int: 15    God:
Gold:   56         SH:  0    Dex: 11    Spells: 0 memorised, 2 levels left

rFire  . . .     SeeInvis .     r - +0 spear
rCold  . . .     Gourm    .     c - +0 robe
rNeg   . . .     Faith    .     (no shield)
rPois  .         Spirit   .     n - +2 hat
rElec  .         Dismiss  .     d - +0 cloak
rCorr  .         Reflect  .     (no gloves)
SustAt .         Harm     .     (no barding)
MR     .....                    u - amulet of regeneration
Stlth  +.........               (no ring)
                                (no ring)

@: brilliant, very quick, not resistant to hostile enchantments, very unstealthy
A: hooves 3, deformed body, speed 2, tough skin 3
a: no special abilities


You were on level 4 of the Dungeon.
You were not hungry.

You visited 1 branch of the dungeon, and saw 3 of its levels.

You collected 56 gold pieces.

Inventory:

Hand Weapons
 a - a +2 dagger
 b - a +0 blowgun
 h - a +0 whip
 j - a +1 dagger of venom
 m - a +0 whip
 o - a +0 short sword
 r - a +0 spear (weapon)
Missiles
 e - 8 poisoned needles
 f - 2 curare-tipped needles
Armour
 c - a +0 robe (worn)
 d - a +0 cloak (worn)
 n - a +2 hat (worn)
 p - a +0 plate armour
 y - a +0 cloak
Jewellery
 u - an amulet of regeneration (around neck)
Scrolls
 i - 2 scrolls of fog {unknown}
 l - a scroll of identify
 v - 3 scrolls of remove curse {unknown}
 x - a scroll of magic mapping {unknown}
Potions
 s - a potion of cure mutation {unknown}
 w - a potion of beneficial mutation {unknown}
Comestibles
 g - 2 bread rations
 k - a meat ration
 t - 2 chunks of flesh
 z - 3 fruits


   Skills:
 + Level 2.2 Fighting
 + Level 2.0 Short Blades
 + Level 0.5 Polearms
 + Level 2.5 Throwing
 + Level 1.1 Dodging
 + Level 3.4 Stealth


You had 2 spell levels left.
You didn't know any spells.

Dungeon Overview and Level Annotations

Branches:
Dungeon (2/15)

Altars:


Innate Abilities, Weirdness & Mutations

You have hooves in place of feet.
Armour fits poorly on your strangely shaped body.
You cover ground very quickly.
You have extremely tough skin (AC +3).


Message History

You hit the orc. Your kick misses the orc.
The orc is heavily wounded.
The orc barely misses you.
You barely miss the orc. Your kick misses the orc.
The orc is heavily wounded.
The orc closely misses you.
You closely miss the orc.
The orc is heavily wounded.
The orc barely misses you.
You hit the orc but do no damage.
The orc is heavily wounded.
The orc hits you with a flail.
* * * LOW HITPOINT WARNING * * *
You hit the orc.
The orc is almost dead.
The orc barely misses you.
You completely miss the orc.
The orc is almost dead.
The orc hits you with a flail!
You die...

#####.#########.#
...##.#.........#
...'..#.#########
.>.####.####
......#..>.#
....######.#######
....# #.......#
....# #######.#
...... ......o@#
....... ...#..###
....#### #.. .....
## .##


You could see an orc.

Vanquished Creatures
  A worker ant (D:4)
  An adder (D:4)
  A worm (D:4)
  6 orcs (D:4)
  A bat (D:1)
  A giant cockroach (D:1)
  3 goblins
  2 jackals (D:4)
  2 kobolds (D:1)
  A giant newt (D:4)
  A quokka skeleton (D:4)
  2 rats (D:1)
22 creatures vanquished.

Notes
Turn   | Place    | Note
--------------------------------------------------------------
     0 | D:1      | ithil the Centaur Assassin began the quest for the Orb.
     0 | D:1      | Reached XP level 1. HP: 17/17 MP: 1/1
     4 | D:1      | Upgraded the game from 0.18-a0-1078-gebb93d0 to 0.18-a0-1164-g7046a04
   557 | D:1      | Reached XP level 2. HP: 16/24 MP: 2/2
   773 | D:2      | You fall through a shaft for 2 floors!
   999 | D:4      | HP: 1/24 [worm (12)]
  1060 | D:4      | Reached skill level 3 in Stealth
  1470 | D:4      | Reached XP level 3. HP: 14/29 MP: 3/3
  1614 | D:4      | Reached skill level 1 in Dodging
  1645 | D:4      | Slain by an orc

Vault maps used:
D:1:      lemuel_arrival_lava_pool, hex_medium, minmay_fountain_box
D:2:      lemuel_crystal_altar, ecumenical_altar_2, moated_statue
D:4:      first_bread

Action                   || total
-------------------------++-------
Melee: Dagger            ||    27
       Spear             ||   119
  Use: Scroll            ||     2
       Potion            ||     1
  Eat: Chunk             ||     1
